 Dungeon Crawl Stone Soup version 0.24.0-1-gfbc8707 (webtiles) character file.

Game seed: 2119084834852374769, levelgen mode: deterministic

93 Buxparty the Firebug (level 4, -3/33 HPs)
             Began as a Demigod Fire Elementalist on Jan 10, 2020.
             Killed from afar by Natasha (10 damage)
             ... with a magic dart
             ... on level 4 of the Dungeon.
             The game lasted 00:15:55 (3021 turns).

Buxparty the Firebug (Demigod Fire Elementalist)    Turns: 3021, Time: 00:15:56

Health: -3/33      AC:  3    Str: 11    XL:     4   Next: 14%
Magic:  7/10       EV: 12    Int: 21    God:
Gold:   126        SH:  0    Dex: 16    Spells: 5/8 levels left

rFire    + . .     SeeInvis .   i - +1 dagger (holy)
rCold    x . .     Gourm    .   (no shield)
rNeg     . . .     Faith    .   a - +0 robe
rPois    .         Spirit   .   (no helmet)
rElec    .         Reflect  .   (no cloak)
rCorr    .         Harm     .   (no gloves)
MR       .....                  m - +0 pair of boots
Stlth    ++........             (no amulet)
HPRegen  0.11/turn              (no ring)
MPRegen  0.12/turn              q - ring of fire

@: slowed, very slow
A: high mp 1
a: no special abilities


You were on level 4 of the Dungeon.
You were not hungry.

You visited 1 branch of the dungeon, and saw 4 of its levels.

You collected 126 gold pieces.

Inventory:

Hand Weapons
 i - a +1 dagger of holy wrath (weapon)
Armour
 a - a +0 robe (worn)
 m - a +0 pair of boots (worn)
Jewellery
 q - a ring of fire (right hand)
Scrolls
 b - a scroll of fog
 e - a scroll of blinking {unknown}
 f - a scroll of teleportation
 k - 2 scrolls of identify
 n - a scroll of noise {unknown}
 o - a scroll of immolation {unknown}
Potions
 d - a potion of might {unknown}
 g - 2 potions of brilliance {unknown}
 j - 3 potions of flight {unknown}
 l - a potion of heal wounds {unknown}
 p - a potion of invisibility {unknown}
Comestibles
 c - 3 rations


   Skills:
 - Level 1.7 Dodging
 - Level 1.7 Stealth
 + Level 2.6 Spellcasting
 + Level 2.2 Conjurations
 + Level 3.5 Fire Magic


You had 5 spell levels left.
You knew the following spells:

 Your Spells              Type           Power        Failure   Level  Hunger
a - Flame Tongue          Conj/Fire      ###..        4%          1    None
b - Throw Flame           Conj/Fire      ###...       6%          2    ##.....

Your spell library contained the following spells:

 Spells                   Type           Power        Failure   Level  Hunger
 Conjure Flame            Conj/Fire      ###.....     13%         3    ###....
 Inner Flame              Hex/Fire       ###.....     21%         3    ###....
 Sticky Flame             Conj/Fire      ###.....     38%         4    ####...
 Fireball                 Conj/Fire      ###.......   75%         5    ######.


Dungeon Overview and Level Annotations

Branches:
Dungeon (4/15)
 Temple: D:4-7

Annotations:
D:4 Natasha


Innate Abilities, Weirdness & Mutations

You have an increased reservoir of magic. (+10% MP)


Message History

There is a stone staircase leading down here.
Natasha growls.
Natasha casts a spell.
Natasha stares at you and mumbles some strange words.
You feel yourself slow down.
Natasha stares at you and mumbles some strange words.
You resist with some effort.
Natasha stares at you and mumbles some strange words.
You resist with some effort.
Your magical contamination has completely faded away.
Natasha mumbles some strange words.
Natasha wildly gestures.
Natasha shimmers violently.
The crimson imp barely misses you. Natasha claws you.
The crimson imp barely misses you. x2
Natasha claws you!
* * * LOW HITPOINT WARNING * * *
Natasha casts a spell at you. The magic dart hits you!
You die...

###.. #.#.#
#########.#.#
#.........#.#
#.#######.#.########
#.#.....#.#........#
#.#...#.#.#........# #
#.#<#.#.#.#........#
#.#.#@#.#.#.#.########
##.#.#h#5#.#.#.########
#.....5................
#..................####
#..................#
#.............).......
+..................##.#
#.........$.......... #
#..................#..


You could see Natasha and a crimson imp.

Vanquished Creatures
  2 adders
  2 worms (D:2)
  6 dart slugs
  2 leopard geckos
  An orc (D:3)
  A ball python (D:3)
  2 giant cockroaches
  5 goblins
  6 hobgoblins
  7 jackals (D:1)
  2 quokkas (D:2)
  2 bats
  2 frilled lizards
  4 kobolds
  6 rats
50 creatures vanquished.

Notes
Turn   | Place    | Note
-------+----------+-------------------------------------------
     0 | D:1      | Buxparty the Demigod Fire Elementalist began the quest for
                  | the Orb.
     0 | D:1      | Reached XP level 1. HP: 14/14 MP: 5/5
    62 | D:1      | Reached skill level 1 in Conjurations
   314 | D:1      | Reached XP level 2. HP: 15/20 MP: 2/7
   418 | D:1      | Reached skill level 3 in Fire Magic
   905 | D:1      | Reached XP level 3. HP: 26/26 MP: 7/9
   909 | D:1      | Learned a level 2 spell: Throw Flame
  2009 | D:2      | You fall into a shaft and drop 2 floors!
  2010 | D:4      | Noticed an ogre
  2629 | D:3      | Reached XP level 4. HP: 33/33 MP: 3/10
  2974 | D:4      | Noticed Natasha
  3021 | D:4      | Killed from afar by Natasha

Levels and vault maps discovered:
D:1:      minmay_arrival_semitransparent, layout_basic
D:2:      layout_basic, first_ration, chequers_mini_garden
D:3:      layout_basic
D:4:      layout_basic, kennysheep_little_box, temple_green, serial_shops, shop,
          uniq_natasha

Skill      XL: |  1  2  3 |
---------------+----------+-----
Conjurations   | 1 2 |  2.2
Spellcasting   | 2 |  2.6
Fire Magic     | 3 |  3.5
Dodging        | |  1.7
Stealth        | |  1.7

Action                   |  1- 3 |  4- 6 || total
-------------------------+-------+-------++-------
Melee: Dagger            |     1 |     6 ||     7
 Cast: Flame Tongue      |    56 |       ||    56
       Throw Flame       |    38 |     7 ||    45
  Use: Scroll            |     4 |       ||     4
  Eat: Ration            |     3 |       ||     3
Armor: Robe              |     5 |     1 ||     6
Dodge: Dodged            |    27 |     9 ||    36
